 Dungeon Crawl Stone Soup version 0.30-a0-760-g5a9884bb7c (webtiles) character file.

Game seed: 15931103723456277159

2192 Twinkles the Cleaver (level 9, -3/78 HPs)
             Began as a Hill Orc Reaver on Feb 10, 2023.
             Was a Follower of Uskayaw.
             Slain by a two-headed ogre
             ... wielding a +0 giant club
              (14 damage)
             ... on level 8 of the Dungeon.
             The game lasted 00:37:04 (9356 turns).

Twinkles the Cleaver (Hill Orc Reaver)              Turns: 9356, Time: 00:37:04

Health: -3/78      AC: 13    Str: 19    XL:     9   Next: 33%
Magic:  14/14      EV: 10    Int: 13    God:    Uskayaw [*.....]
Gold:   61         SH:  0    Dex:  9    Spells: 10/11 levels left

rFire   + + .      SeeInvis .    C - +3 battleaxe (flame)
rCold   . . .      Faith    .    (shield currently unavailable)
rNeg    . . .      Spirit   .    j - +0 scale mail
rPois   .          Reflect  .    s - +1 helmet
rElec   .          Harm     .    y - +1 cloak {Will+}
rCorr   +          Rampage  .    v - +1 pair of gloves of Vodufuw {rF++}
Will    +....                    (no boots) Stlth
                                 (no amulet)
HPRegen 0.33/turn                l - ring of wizardry
MPRegen 0.14/turn                n - ring of resist corrosion

@: no status effects
A: no striking features
a: Renounce Religion, Stomp


You were on level 8 of the Dungeon.
You worshipped Uskayaw.
Uskayaw was noncommittal.
You visited 1 branch of the dungeon, and saw 8 of its levels.

You collected 573 gold pieces.
You spent 512 gold pieces at shops.

Inventory:

Hand Weapons
 a - a +0 hand axe
 t - a +1 halberd
 w - a +2 whip of electrocution
 C - a +3 battleaxe of flaming (weapon)
Missiles
 i - 3 throwing nets
 k - 8 poisoned darts (quivered)
Armour
 b - a +0 kite shield
 j - a +0 scale mail (worn)
 s - a +1 helmet (worn)
 v - the +1 pair of gloves of Vodufuw (worn) {rF++}
   (You bought it in a shop on level 1 of the Dungeon)

   rF:        It greatly protects you from fire.
 y - a +1 cloak of willpower (worn)
Jewellery
 l - a ring of wizardry (left hand)
 m - a ring of flight
 n - a ring of resist corrosion (right hand)
 q - a ring of wizardry
Wands
 e - a wand of charming (3)
 p - a wand of quicksilver (6)
Scrolls
 c - a scroll of torment
 d - a scroll of butterflies
 f - 2 scrolls of noise
 g - 2 scrolls of enchant weapon
 r - a scroll of poison {unknown}
 u - a scroll of fear {unknown}
 x - a scroll of enchant armour {unknown}
 z - a scroll of blinking {unknown}
 F - 2 scrolls of fog
 X - 2 scrolls of magic mapping
 Y - 5 scrolls of teleportation
Potions
 A - 3 potions of attraction
 B - 2 potions of brilliance
 G - 2 potions of ambrosia
 I - a potion of invisibility
 J - 2 potions of curing
 M - a potion of might
 P - a potion of lignification
 U - 5 potions of mutation


   Skills:
 + Level 6.8 Fighting
 * Level 9.8 Axes
 - Level 4.6 Armour
 - Level 2.5 Dodging
 + Level 3.0 Shields
 - Level 1.6 Spellcasting
 - Level 3.0 Conjurations
 * Level 7.5 Invocations


You had 10 spell levels left.
You knew the following spells:

 Your Spells              Type           Power      Damage    Failure   Level
a - Kiss of Death         Conj/Necr      20%        2d7       16%         1

Your spell library contained the following spells:

 Spells                   Type           Power      Damage    Failure   Level
 Magic Dart               Conj           36%        1d4       9%          1
 Momentum Strike          Conj/Tloc      10%        3d8       24%         2
 Static Discharge         Conj/Air       10%        2-3/arc   24%         2
 Apportation              Tloc           2%         N/A       28%         1
 Necrotise                Necr           4%         1d4       28%         1
 Slow                     Hex            4%         N/A       28%         1
 Sting                    Tmut/Pois      4%         1d3       28%         1
 Summon Small Mammal      Summ           4%         N/A       28%         1
 Blink                    Tloc           2%         N/A       41%         2
 Call Imp                 Summ           1%         N/A       41%         2
 Cigotuvi's Dreadful Rot  Necr/Pois/Air  2%         N/A       41%         2
 Lesser Beckoning         Tloc           2%         N/A       41%         2
 Poisonous Vapours        Pois/Air       2%         N/A       41%         2
 Hailstorm                Conj/Ice       5%         3d4       41%         3
 Stone Arrow              Conj/Erth      10%        3d7       41%         3
 Mephitic Cloud           Conj/Pois/Air  3%         N/A       47%         3
 Confusing Touch          Hex            1%         N/A       63%         3
 Ozocubu's Armour         Ice            1%         N/A       63%         3
 Vampiric Draining        Necr           1%         2d6       63%         3
 Vhi's Electric Charge    Tloc/Air       2%         N/A       63%         3
 Animate Armour           Summ/Erth      2%         N/A       95%         4
 Olgreb's Toxic Radiance  Pois           1%         N/A       95%         4
 Arcjolt                  Conj/Air       2%         1d12      98%         5
 Irradiate                Conj/Tmut      2%         3d12      98%         5
 Lightning Bolt           Conj/Air       2%         1d14      98%         5
 Blade Hands              Tmut           0%         N/A       100%        5
 Dragon Form              Tmut           0%         N/A       100%        7
 Ozocubu's Refrigeration  Ice            0%         4d7       100%        7
 Lehudib's Crystal Spear  Conj/Erth      2%         10d2      100%        8


Dungeon Overview and Level Annotations

Branches:
Dungeon (8/15) Zot: 25499  Temple (0/1) D:7
   Lair: D:8-11

Altars:
Gozag
Kikubaaqudgha
Okawaru
Sif Muna
Uskayaw
Xom
Yredelemnul
The Shining One

Shops:
D:1 [[   D:3 (   D:5 ?

Annotations:
D:5 1 runed translucent door, pokeman's ghost, novice DEHW


Message History

Level annotation: exclusion: downstairs
There is a stone staircase leading down, spattered with blood here.
A lemure is nearby!
You slash the lemure! You burn the lemure!
The lemure is almost dead.
The lemure hits you.
You closely miss the lemure.
The lemure is almost dead.
The lemure hits you. The lemure barely misses you.
You barely miss the lemure.
The lemure is almost dead.
The lemure barely misses you.
You closely miss the lemure.
The lemure is almost dead.
The lemure closely misses you.
You hit the lemure. You burn the lemure.
You kill the lemure!
That felt strangely unrewarding.
Items here: ))) [[.
Things that are here:
a +0 robe; a +0 flail You see here 6 stones.
There is a stone staircase leading down here.
Unknown command.
You climb downwards.
The two-headed ogre shouts in stereo!
The two-headed ogre hits you with a +0 giant club!!
The two-headed ogre hits you with a +0 giant spiked club!!
There is a stone staircase leading up, spattered with blood here.
Okay, then.
Unknown command.
You barely miss the two-headed ogre.
The two-headed ogre hits you with a +0 giant club!!
* * * LOW HITPOINT WARNING * * *
The two-headed ogre hits you but does no damage.
A two-headed ogre comes into view.
It is wielding a +0 giant spiked club and a +0 giant club.
You barely miss the two-headed ogre.
The two-headed ogre shouts in stereo!
You hear an angry buzzing noise.
The two-headed ogre hits you with a +0 giant club!
You die...

.# .# .O ... .#
.# #.# ..# #.#
... ..# ##..
##. ... ##..# O
#.# #...#. #.
#.##O)#.. #.#
#.#[@#.# #..
#)...#.#
#.###.#.##.#
#...##.##.#
###(###..#.##
#(.#..##....#
#..#.#..##...#
#..#####..##..#
#..# ##..#..#


You could see 2 two-headed ogres.

Vanquished Creatures
  Grum (D:7)
  A water moccasin (D:6)
  An orc warrior (D:8)
  An ogre (D:7)
  2 wolves (D:7)
  A centaur (D:8)
  A phantom (D:4)
  A lemure (D:7)
  2 kobold brigands (D:7)
  A bullfrog (D:7)
  2 scorpions
  9 wights
  A howler monkey (D:5)
  A jelly (D:4)
  5 hounds
  Jessica (D:3)
  A gnoll bouda (D:3)
  3 iguanas
  7 gnolls
  8 adders
  3 shadow imps
  2 ufetubi
  A dart slug (D:5)
  2 orcs (D:8)
  8 ball pythons
  5 endoplasms
  A giant cockroach (D:1)
  5 hobgoblins
  7 jackals
  21 kobolds
  4 quokkas
  2 bats
  A frilled lizard (D:1)
  3 goblins
  3 rats (D:2)
118 creatures vanquished.

Vanquished Creatures (collateral kills)
  A wolf (D:7)
  A white imp (D:8)
2 creatures vanquished.

Vanquished Creatures (others)
  A plant (D:3)
1 creature vanquished.

Grand Total: 121 creatures vanquished

Notes
Turn   | Place    | Note
-------+----------+-------------------------------------------
     0 | D:1      | Twinkles the Hill Orc Reaver began the quest for the Orb.
     0 | D:1      | Reached XP level 1. HP: 18/18 MP: 3/3
   140 | D:1      | Found Loitz's Antique Armour Shop.
   174 | D:1      | Reached XP level 2. HP: 19/25 MP: 4/4
   238 | D:1      | Found Faol's Antique Armour Emporium.
   859 | D:2      | Reached XP level 3. HP: 21/30 MP: 5/5
   953 | D:2      | Reached skill level 1 in Armour
  1602 | D:3      | Found a shimmering blue altar of Sif Muna.
  1624 | D:3      | You are sucked into a shaft and drop 2 floors!
  1624 | D:5      | Entered Level 5 of the Dungeon
  1647 | D:5      | Reached XP level 4. HP: 28/38 MP: 6/6
  1778 | D:5      | Noticed pokeman's ghost (novice DEHW)
  1781 | D:5      | Found a runed translucent door.
  2075 | D:3      | Found Gawkyr Legam's Weapon Boutique.
  2260 | D:3      | Found a faded altar of an unknown god.
  2397 | D:1      | Bought a pair of buzzing gloves for 152 gold pieces
  2397 | D:1      | Identified the +1 pair of gloves of Vodufuw {rF++} (You
                  | bought it in a shop on level 1 of the Dungeon)
  2465 | D:3      | Reached skill level 5 in Axes
  2465 | D:3      | Reached XP level 5. HP: 18/46 MP: 7/7
  2579 | D:3      | Found an iron altar of Okawaru.
  2674 | D:3      | Noticed Jessica
  2696 | D:3      | HP: 7/46 [Jessica/nerve-wracking pain (8)]
  2703 | D:3      | HP: 13/46 [Jessica/+0 club (2)]
  2705 | D:3      | HP: 6/46 [Jessica/+0 club (1)]
  2708 | D:3      | Killed Jessica
  3341 | D:4      | Noticed a phantom
  3495 | D:3      | Reached XP level 6. HP: 16/49 MP: 8/8
  3670 | D:4      | Found a hide-covered altar of Uskayaw.
  3673 | D:4      | Found a shimmering altar of Xom.
  4103 | D:4      | Reached skill level 6 in Axes
  4224 | D:4      | Became a worshipper of Uskayaw the Reveller
  4256 | D:5      | Reached * piety under Uskayaw
  4258 | D:5      | HP: 13/53 [iguana (6)]
  4260 | D:5      | Reached ** piety under Uskayaw
  4527 | D:5      | Found a glowing golden altar of the Shining One.
  4529 | D:5      | Noticed an angel
  4534 | D:5      | Found a basalt altar of Yredelemnul.
  4536 | D:5      | Noticed a profane servitor
  4652 | D:5      | Reached skill level 1 in Invocations
  4735 | D:5      | Found Xokles's Magic Scroll Shoppe.
  4808 | D:5      | HP: 13/48 [gnoll/+0 flail (10)]
  5003 | D:5      | Reached XP level 7. HP: 52/54 MP: 9/9
  5197 | D:5      | Reached skill level 5 in Fighting
  5319 | D:5      | Reached *** piety under Uskayaw
  5399 | D:6      | Reached skill level 7 in Axes
  5934 | D:6      | Reached XP level 8. HP: 40/64 MP: 9/11
  6180 | D:1      | Bought a shiny helmet for 180 gold pieces
  6629 | D:6      | Found an opulent altar of Gozag.
  6851 | D:7      | Found an ancient bone altar of Kikubaaqudgha.
  7225 | D:1      | Bought an embroidered cloak for 180 gold pieces
  7397 | D:7      | Reached skill level 8 in Axes
  7397 | D:7      | Reached skill level 5 in Invocations
  7686 | D:7      | Found a staircase to the Ecumenical Temple.
  7874 | D:7      | Reached skill level 1 in Shields
  7933 | D:8      | Noticed Grum
  7941 | D:7      | HP: 28/105 [wolf[Grum] (6)]
  7948 | D:7      | HP: 10/105 [Grum/+1 halberd (12)]
  7953 | D:7      | HP: 26/105 [Grum/+1 halberd (6)]
  8187 | D:7      | HP: 12/64 [Grum/+1 halberd (18)]
  8190 | D:7      | Killed Grum
  8191 | D:7      | Reached skill level 9 in Axes
  8393 | D:8      | Reached XP level 9. HP: 46/78 MP: 13/13
  8823 | D:8      | Noticed a two-headed ogre
  9221 | D:8      | Noticed a cyclops
  9296 | D:8      | Noticed a shock serpent
  9302 | D:8      | a shock serpent changed into a cyclops
  9302 | D:8      | Noticed a cyclops (shapeshifter)
  9310 | D:8      | a cyclops changed into a death drake
  9310 | D:8      | Noticed a death drake (shapeshifter)
  9355 | D:8      | HP: 11/78 [two-headed ogre/+0 giant club (26)]
  9355 | D:8      | Noticed a two-headed ogre
  9356 | D:8      | Slain by a two-headed ogre

Illustrated notes

Levels and vault maps discovered:
D:1:      roderic_dead_forest, layout_loops_ring, serial_shops,
          nicolae_shop_crystal, nicolae_shop_waterfront, minmay_pentomino_v2
D:2:      layout_loops_cross, minmay_fountain_box
D:3:      layout_basic, overflow_temple_1_default, okawaru_ov_weapons_minmay,
          serial_shops, shop, shapermc_ecumenical_altar_ellora, uniq_jessica
D:4:      layout_rooms, nicolae_overflow_two_pavilions, saegor_snake_ambush
D:5:      layout_basic, grunt_temple_overflow_holy_war, serial_shops, shop,
          hellmonk_ghost_happy_afterlife
D:6:      layout_rooms, mainiacjoe_overflow_cross_hatched
D:7:      layout_loops_ring, amcnicky_altar_gilded,
          minmay_temple_entry_stoned_glass
D:8:      minmay_the_grid_octo_tiled_octocenter [minmay_the_grid_octo_77,
          minmay_the_grid_octo_fat_diamond, minmay_the_grid_octo_pinwheel,
          minmay_the_grid_octo_tetromino_candy,
          minmay_the_grid_octo_prize_big_c, minmay_the_grid_square_5x5_c,
          minmay_the_grid_square_5x5_fat_x, minmay_the_grid_square_5x5_spiral,
          minmay_the_grid_square_5x5_six], layout_rooms,
          grunt_dithmenos_smoke_and_mirrors, bloody_makhleb,
          gammafunk_ghost_ooze, minmay_misc_feat_room, uniq_grum, uniq_pikel

Skill      XL: |  1  2  3  4  5  6  7  8  9 |
---------------+----------------------------+-----
Armour         | 1 2 3 4 |  4.6
Fighting       | 3 4 5 6 |  6.8
Dodging        | 2 |  2.5
Axes           | 5 6 7 9 |  9.8
Invocations    | 1 4 6 7 |  7.5
Shields        | 2 3 |  3.0
Spellcasting   | |  1.6
Conjurations   | |  3.0

Action                     |  1- 3 |  4- 6 |  7- 9 || total
---------------------------+-------+-------+-------++-------
  Melee: Hand axe          |   156 |   170 |    98 ||   424
         Punch             |       |     1 |     1 ||     2
         Whip              |       |       |   153 ||   153
         Unarmed           |       |       |    15 ||    15
         Battleaxe         |       |       |    11 ||    11
  Throw: Dart              |       |     6 |    16 ||    22
   Cast: Kiss of Death     |       |     2 |     1 ||     3
 Invoke: Line Pass         |       |     1 |     2 ||     3
  Evoke: Wand              |       |       |    13 ||    13
    Use: Scroll            |       |     9 |     7 ||    16
         Potion            |       |     2 |     5 ||     7
   Stab: Paralysed         |       |       |     2 ||     2
 Armour: Leather armour    |    19 |       |       ||    19
         Scale mail        |    34 |    57 |   112 ||   203
         Skin              |       |       |    50 ||    50
  Dodge: Dodged            |    96 |    83 |   135 ||   314

Table legend: (Time is in decaauts)
 A = Elapsed time spent in this place.
 B = Non-inter-level travel time spent in this place.
 C = Inter-level travel time spent in this place.
 D = Time resting spent in this place.
 E = Time spent auto-exploring this place.
 F = Levels seen in this place.
 G = Mean time per level.
                   A        B        C        D        E       F      G
               +--------+--------+--------+--------+--------+-----+--------+
         Total |   9387 |   8010 |   1377 |   1289 |   4955 |   8 | 1173.4 |
       Dungeon |   9387 |   8010 |   1377 |   1289 |   4955 |   8 | 1173.4 |
               +--------+--------+--------+--------+--------+-----+--------+

Top non-repeatable levels by time:
     D:7: 1559 daAuts
     D:5: 1486 daAuts
     D:3: 1336 daAuts
     D:4: 1257 daAuts
     D:6: 1223 daAuts
     D:1: 1092 daAuts
     D:2: 820 daAuts
     D:8: 611 daAuts
